 Dungeon Crawl Stone Soup version 0.32-a0-131-g9dbbe29261 (webtiles) character file.

Game seed: 14752369907906321626

9 Ambrosia the Ducker (level 2, -1/17 HPs)
             Began as a Tengu Gladiator on Feb 8, 2024.
             Slain by a frilled lizard (2 damage)
             ... on level 1 of the Dungeon.
             The game lasted 00:01:38 (358 turns).

Ambrosia the Ducker (Tengu Gladiator)                Turns: 358, Time: 00:01:38

Health: -1/17      AC:  3    Str: 14    XL:     2   Next: 12%
Magic:  3/3        EV: 13    Int:  8    God:
Gold:   50         SH:  0    Dex: 15    Spells: 1/1 levels left

rFire   . . .        a - +0 quarterstaff
rCold   . . .        (shield currently unavailable)
rNeg    . . .        b - +0 leather armour
rPois   .            c - +0 hat
rElec   .            (no cloak)
rCorr   .            (no gloves)
SInv    .            (boots unavailable)
Will    .....        (no amulet)
Stlth   +            (no ring)
HPRegen 0.22/turn    (no ring)
MPRegen 0.08/turn

%: acrobat
@: hasted, very quick
A: beak, talons 3, acrobatic
a: no special abilities


You were on level 1 of the Dungeon.
You visited 1 branch of the dungeon, and saw 2 of its levels.

You collected 50 gold pieces.

Inventory:

Hand Weapons
 a - a +0 quarterstaff (weapon)
Missiles
 d - 2 throwing nets (quivered) {=f, !d}
 e - 5 javelins
Armour
 b - a +0 leather armour (worn)
 c - a +0 hat (worn)
Scrolls
 g - a scroll of identify {@r1}
 h - a scroll of fog
Potions
 i - a potion of degeneration {unknown}


   Skills:
 + Level 2.1 Fighting
 + Level 3.4 Staves
 - Level 2.0 Throwing
 * Level 1.0 Armour
 * Level 3.5 Dodging


You had one spell level left.
You didn't know any spells.
Your spell library contained the following spells:

 Spells                   Type           Power      Damage    Failure   Level
 Summon Ice Beast         Ice/Summ       0%         N/A       85%         3
 Summon Mana Viper        Hex/Summ       0%         N/A       100%        5
 Monstrous Menagerie      Summ           0%         N/A       100%        7


Dungeon Overview and Level Annotations

Branches:
Dungeon (2/15) Zot: 11637

Altars:


Innate Abilities, Weirdness & Mutations

You have a beak for a mouth.
You have claws for feet.
You can magically evade attacks while moving or waiting.


Message History

There is a stone staircase leading down here.
You climb downwards.
There is a stone staircase leading up here.
There are monsters nearby!
The kobold shouts!
The kobold barely misses you.
You climb upwards.
The giant cockroach closely misses you.
The giant cockroach bites you but does no damage.
There is a stone staircase leading down here.
Unknown command.
The kobold hits you but does no damage. The giant cockroach bites you.
* * * LOW HITPOINT WARNING * * *
You take 2 damage, and have 3/12 hp.
The giant cockroach attacks as it pursues you!
The giant cockroach completely misses you.
The endoplasm jiggles.
A frilled lizard comes into view.
The frilled lizard hisses angrily.
The giant cockroach attacks as it pursues you!
The giant cockroach misses you.
The giant cockroach completely misses you.
The giant cockroach completely misses you.
Hit: a) +0 quarterstaff
Press: ? - help, Dir - move target, f - kobold
Aim: a kobold, wielding a +0 club and quivering stones (about 45% to evade your +0 quarterstaff)
You miss the kobold. You claw the kobold.
You kill the kobold!
The giant cockroach bites you but does no damage.
You have reached level 2!
You regained 2 hp, and now have 6/17 hp.
MP restored: 3 Hit: a) +0 quarterstaff
Press: ? - help, Dir - move target, f - giant cockroach
Aim: a giant cockroach (about 38% to evade your +0 quarterstaff)
You hit the giant cockroach. You peck the giant cockroach.
The giant cockroach bites you but does no damage.
The endoplasm barely misses you.
The giant cockroach bites you but does no damage.
Hit: a) +0 quarterstaff
Press: ? - help, Dir - move target, f/p - giant cockroach
Aim: a giant cockroach (almost dead, about 38% to evade your +0 quarterstaff)
You hit the giant cockroach but do no damage.
The giant cockroach bites you.
* * * LOW HITPOINT WARNING * * *
The endoplasm closely misses you.
You take 1 damage, and have 5/17 hp.
Hit: a) +0 quarterstaff
Press: ? - help, Dir - move target, f/p - giant cockroach
Aim: a giant cockroach (almost dead, about 38% to evade your +0 quarterstaff)
You barely miss the giant cockroach. Your kick misses the giant cockroach.
Your peck misses the giant cockroach. The giant cockroach barely misses you.
The endoplasm barely misses you. The frilled lizard barely misses you.
Hit: a) +0 quarterstaff
Press: ? - help, Dir - move target, f/p - giant cockroach
Aim: a giant cockroach (almost dead, about 38% to evade your +0 quarterstaff)
You barely miss the giant cockroach.
You claw the giant cockroach, but do no damage.
The giant cockroach misses you. The endoplasm closely misses you.
The frilled lizard closely misses you. The giant cockroach barely misses you.
Hit: a) +0 quarterstaff
Press: ? - help, Dir - move target, f/p - giant cockroach
Aim: a giant cockroach (severely wounded, about 38% to evade your +0 quarterstaff)
You hit the giant cockroach.
You claw the giant cockroach, but do no damage.
You peck the giant cockroach, but do no damage.
The giant cockroach bites you.
* * * LOW HITPOINT WARNING * * *
The endoplasm barely misses you.
The frilled lizard bites you but does no damage.
You take 1 damage, and have 5/17 hp.
Hit: a) +0 quarterstaff
Press: ? - help, Dir - move target, f/p - giant cockroach
Aim: a giant cockroach (almost dead, about 38% to evade your +0 quarterstaff)
You hit the giant cockroach but do no damage.
The giant cockroach bites you.
* * * LOW HITPOINT WARNING * * *
The endoplasm hits you.
* * * LOW HITPOINT WARNING * * *
The frilled lizard barely misses you. The giant cockroach bites you.
* * * LOW HITPOINT WARNING * * *
You take 2 damage, and have 3/17 hp.
Hit: a) +0 quarterstaff
Press: ? - help, Dir - move target, f/p - giant cockroach
Aim: a giant cockroach (severely wounded, about 38% to evade your +0 quarterstaff)
You closely miss the giant cockroach.
The endoplasm hits you but does no damage.
The frilled lizard closely misses you. The giant cockroach barely misses you.
Hit: a) +0 quarterstaff
Press: ? - help, Dir - move target, f/p - giant cockroach
Aim: a giant cockroach (severely wounded, about 38% to evade your +0 quarterstaff)
You sock the giant cockroach!
You kill the giant cockroach!
The endoplasm misses you. The frilled lizard closely misses you.
The endoplasm freezes you.
You are frozen.
* * * LOW HITPOINT WARNING * * *
Your Armour skill increases to level 1!
You take 2 damage, and have 1/17 hp.
You feel yourself speed up. The frilled lizard bites you.
You die...

#. #...#......#####
#.####..........#..
#.# #.............
#.# #.......######
#.# ##.....########
#.###............#
#.##...###.#####.##
#.l..#.# #.# #...
##J@###.# #.# #..#
#..####.###.# #...
#>.# #....†.# ###.
##..##.......# ##.
#.............#
##..
#.##..........#
#...
#>.##..........#
#...
................#
#...
........#.........#
##...


You could see an endoplasm and a frilled lizard.

Vanquished Creatures
  An endoplasm (D:1)
  A giant cockroach (D:1)
  A goblin (D:1)
  A ball python (D:1)
  2 kobolds (D:1)
  3 rats (D:1)
9 creatures vanquished.

Notes
Turn   | Place    | Note
-------+----------+-------------------------------------------
     0 | D:1      | Ambrosia the Tengu Gladiator began the quest for the Orb.
     0 | D:1      | Reached XP level 1. HP: 12/12 MP: 2/2
     0 | D:1      | elongatedgoose: all i do is try to help
     0 | D:1      | elongatedgoose: all everyone else does is put me down
     0 | D:1      | elongatedgoose: so like what the fuck
     0 | D:1      | Ambrosia: I'm sorry ok? I get what is happening to u
     0 | D:1      | Ambrosia: but like that's just how people are
     0 | D:1      | elongatedgoose: no
     0 | D:1      | elongatedgoose: you dont
     0 | D:1      | elongatedgoose: you have zero fucking clue
     0 | D:1      | Ambrosia: if you want to help you can't just snap like a
                  | twig whenever anyone says anything
     0 | D:1      | elongatedgoose: and you have no clue how people work
     0 | D:1      | Ambrosia: especially when your dealing with people likem e
     0 | D:1      | Ambrosia: me
     0 | D:1      | Ambrosia: exactly
     0 | D:1      | elongatedgoose: lifes tough get a helmet]
     0 | D:1      | Ambrosia: wha
   189 | D:1      | elongatedgoose: you cant be like oh dont snap at people
                  | like me
   210 | D:1      | elongatedgoose: when youve just been being a cunt for such
                  | a long time
   210 | D:1      | Ambrosia: don't take my word for 50% of everything I say
   210 | D:1      | Ambrosia: .
   210 | D:1      | elongatedgoose: then what do i take as your word?
   210 | D:1      | Ambrosia: ..
   210 | D:1      | elongatedgoose: exactly
   210 | D:1      | elongatedgoose: not worth my time anymore
   210 | D:1      | elongatedgoose: cya
   332 | D:1      | HP: 4/12 [frozen (5)]
   345 | D:1      | HP: 3/12 [giant cockroach (2)]
   350 | D:1      | Reached XP level 2. HP: 6/17 MP: 3/3
   351 | D:1      | HP: 5/17 [giant cockroach (1)]
   357 | D:1      | HP: 1/17 [frozen (2)]
   358 | D:1      | Reached skill level 1 in Armour
   358 | D:1      | Slain by a frilled lizard

Illustrated notes

Levels and vault maps discovered:
D:1:      amcnicky_arrival_double_pillar, layout_rooms
D:2:      minmay_angry_zag, layout_rooms, uniq_jessica

Skill      XL: |  1  2 |
---------------+-------+-----
Armour         | 1 |  1.0
Fighting       | |  2.1
Staves         | |  3.4
Throwing       | |  2.0
Dodging        | |  3.5

Action                     || total
---------------------------++-------
  Melee: Quarterstaff      ||    24
         Kick              ||     4
         Peck              ||     4
  Throw: Throwing net      ||     1
    Use: Scroll            ||     5
         Potion            ||     1
 Armour: Leather armour    ||    22
  Dodge: Dodged            ||    28

Table legend: (Time is in decaauts)
 A = Elapsed time spent in this place.
 B = Non-inter-level travel time spent in this place.
 C = Inter-level travel time spent in this place.
 D = Time resting spent in this place.
 E = Time spent auto-exploring this place.
 F = Levels seen in this place.
 G = Mean time per level.
                   A        B        C        D        E       F      G
               +--------+--------+--------+--------+--------+-----+--------+
         Total |    361 |    361 |      0 |    100 |    180 |   2 |  180.5 |
       Dungeon |    361 |    361 |      0 |    100 |    180 |   2 |  180.5 |
               +--------+--------+--------+--------+--------+-----+--------+

Top non-repeatable levels by time:
     D:1: 359 daAuts
     D:2: 1 daAuts

Levels and vault maps discovered:
D:1:      amcnicky_arrival_double_pillar, layout_rooms
D:2:      minmay_angry_zag, layout_rooms, uniq_jessica

Table legend: (Time is in decaauts)
 A = Elapsed time spent in this place.
 B = Non-inter-level travel time spent in this place.
 C = Inter-level travel time spent in this place.
 D = Time resting spent in this place.
 E = Time spent auto-exploring this place.
 F = Levels seen in this place.
 G = Mean time per level.
                   A        B        C        D        E       F      G
               +--------+--------+--------+--------+--------+-----+--------+
         Total |    361 |    361 |      0 |    100 |    180 |   2 |  180.5 |
       Dungeon |    361 |    361 |      0 |    100 |    180 |   2 |  180.5 |
               +--------+--------+--------+--------+--------+-----+--------+

Top non-repeatable levels by time:
     D:1: 359 daAuts
     D:2: 1 daAuts

Table legend:
 A = Kills in this place as a percentage of kills in the entire game.
 B = Kills by you in this place as a percentage of kills by you in the entire game.
 C = Kills by friends in this place as a percentage of kills by friends in the entire game.
 D = Other kills in this place as a percentage of other kills in the entire game.
 E = Experience gained in this place as a percentage of experience gained in the entire game.
 F = Experience gained in this place divided by the number of levels of this place that you have seen.
                   A       B       C       D       E      F
               +-------+-------+-------+-------+-------+----------------------
         Total | 100.0 | 100.0 |   N/A |   N/A | 100.0 |   6.5
       Dungeon | 100.0 | 100.0 |   N/A |   N/A | 100.0 |   6.5
               +-------+-------+-------+-------+-------+----------------------
